 Dungeon Crawl Stone Soup version 0.27.1-33-g824d729ab1 (webtiles) character file.

Game seed: 10100844493064959052

29 Thatpatchoflichen the Ducker (level 3, 0/23 HPs)
             Began as a Kobold Gladiator on Dec 18, 2021.
             Succumbed to an adder's poison
             ... on level 1 of the Dungeon.
             The game lasted 00:03:22 (954 turns).

Thatpatchoflichen the Ducker (Kobold Gladiator)      Turns: 954, Time: 00:03:22

Health: 0/23       AC:  4    Str: 11    XL:     3   Next: 32%
Magic:  3/3        EV: 16    Int:  9    God:
Gold:   57         SH:  0    Dex: 17    Spells: 2/2 levels left

rFire    . . .     SeeInvis .   a - +0 rapier
rCold    . . .     Faith    .   (shield restricted)
rNeg     . . .     Spirit   .   b - +0 leather armour
rPois    .         Reflect  .   c - +0 helmet
rElec    .         Harm     .   (no cloak)
rCorr    .         Rampage  .   (no gloves)
Will     .....                  (no boots)
Stlth    ++........             (no amulet)
HPRegen  0.07/turn              (no ring)
MPRegen  0.08/turn              (no ring)

@: lethally poisoned (0 -> -2)
A: small, no large weapons, nightstalker 3
a: no special abilities


You were on level 1 of the Dungeon.
You visited 1 branch of the dungeon, and saw 2 of its levels.

You collected 57 gold pieces.

Inventory:

Hand Weapons
 a - a +0 rapier (weapon)
Missiles
 d - 3 throwing nets (quivered)
Armour
 b - a +0 leather armour (worn)
 c - a +0 helmet (worn)
Scrolls
 e - 2 scrolls of immolation {unknown}
 h - a scroll of identify {unknown}
Potions
 f - a potion of mutation {unknown}
 g - a potion of cancellation {unknown}
 i - a potion of degeneration {unknown}


   Skills:
 + Level 3.1 Fighting
 - Level 4.0 Short Blades
 - Level 2.1 Throwing
 + Level 4.4 Dodging


You had 2 spell levels left.
You didn't know any spells.
Your spell library was empty.

Dungeon Overview and Level Annotations

Branches:
Dungeon (2/15)

Altars:


Innate Abilities, Weirdness & Mutations

You are small and have problems with some larger weapons.
You are completely attuned to the shadows.


Message History

a +0 club; a goblin corpse The bat hits you but does no damage.
The bat misses you. The bat barely misses you.
A giant cockroach comes into view.
The bat hits you but does no damage.
The giant cockroach moves out of view.
The adder misses you. The adder closely misses you. The bat barely misses you.
An endoplasm comes into view.
The adder barely misses you. The bat completely misses you. The bat hits you.
* * * LOW HITPOINT WARNING * * *
The bat closely misses you. The bat hits you but does no damage.
The adder closely misses you. The bat hits you.
* * * LOW HITPOINT WARNING * * *
The bat misses you.
You hit the bat.
You kill the bat!
The adder barely misses you. The adder closely misses you.
There is a stone staircase leading up here.
The adder misses you. The hobgoblin misses you.
The adder completely misses you.
You climb upwards.
There is a stone staircase leading down here.
The hobgoblin hits you.
* * * LOW HITPOINT WARNING * * *
The adder completely misses you. The adder closely misses you.
The adder bites you.
* * * LOW HITPOINT WARNING * * *
You are lethally poisoned!
The adder poisons you!
* * * LOW HITPOINT WARNING * * *
You feel sick.
* * * LOW HITPOINT WARNING * * *
You feel sick.
You die...

#.##'###'###'###'##
#.#...............#
#.'.......##......#
#########...............#
#.......##'###'###'###'##
#.......#..P#...#...#P.P#
#.......#...#.<.#...#.P.#
#.†.....#################
#.......@.Sg.......(.....
#.........##.#.........#.
#.........##.#.........#.
#..)......##.....#...>...
#........................
#..........#........>....
##########.#..#..........
#..#.#...........
#.##....##.......


You could see an adder and a hobgoblin.

Vanquished Creatures
  5 ball pythons (D:1)
  2 giant cockroaches (D:1)
  3 goblins
  4 hobgoblins (D:1)
  A kobold (D:1)
  3 quokkas (D:1)
  A bat (D:2)
  2 frilled lizards (D:1)
  6 rats
27 creatures vanquished.

Notes
Turn   | Place    | Note
-------+----------+-------------------------------------------
     0 | D:1      | Thatpatchoflichen the Kobold Gladiator began the quest for
                  | the Orb.
     0 | D:1      | Reached XP level 1. HP: 12/12 MP: 1/1
   104 | D:1      | Reached XP level 2. HP: 18/18 MP: 2/2
   185 | D:1      | Found a faded altar of an unknown god.
   440 | D:1      | Reached XP level 3. HP: 19/23 MP: 3/3
   953 | D:1      | HP: 1/23 [poisoned by an adder]
   954 | D:1      | Succumbed to an adder's poison

Illustrated notes

Levels and vault maps discovered:
D:1:      dpeg_arrival_prison, layout_rooms, basic_ecumenical_altar
D:2:      layout_basic, hangedman_decor_points, minmay_bisected

Skill      XL: |  1  2 |
---------------+-------+-----
Dodging        | 4 |  4.4
Fighting       | 3 |  3.1
Short Blades   | |  4.0
Throwing       | |  2.1

Action                   || total
-------------------------++-------
Melee: Rapier            ||    77
 Stab: Sleeping          ||     6
Armor: Leather armour    ||    23
Dodge: Dodged            ||   102
